 Dungeon Crawl Stone Soup version 0.26-a0-215-g1b87330c0f (webtiles) character file.

Game seed: 10773553733867081232

38 MrRokkomies the Vexing (level 3, 0/36 HPs)
             Began as a Vampire Enchanter on July 6, 2020.
             Slain by a worm (5 damage)
             ... on level 3 of the Dungeon.
             The game lasted 00:03:59 (719 turns).

MrRokkomies the Vexing (Vampire Enchanter)           Turns: 719, Time: 00:03:59

Health: 0/36       AC: 21    Str:  8    XL:     3   Next: 25%
Magic:  1/6        EV:  2    Int: 17    God:
Gold:   66         SH:  0    Dex: 14    Spells: 3/6 levels left

rFire    . . .     SeeInvis +   a - +1 dagger
rCold    . . .     Faith    .   (no shield)
rNeg     + + +     Spirit   .   (armour currently unavailable)
rPois    +         Reflect  .   (helmet currently unavailable)
rElec    .         Harm     .   (cloak currently unavailable)
rCorr    .         NoTele   +   (gloves currently unavailable)
MR       .....                  (boots currently unavailable)
Stlth    +++.......             e - amulet of regeneration
HPRegen  0.72/turn              (no ring)
MPRegen  0.10/turn              (no ring)

@: lethally poisoned (0 -> -3), tree-form, regenerating quickly
A: no food, see invisible
a: Exsanguinate


You were on level 3 of the Dungeon.
You were alive.
You were a tree.
You visited 1 branch of the dungeon, and saw 3 of its levels.

You collected 66 gold pieces.

Inventory:

Hand Weapons
 a - a +1 dagger (weapon)
Armour
 b - a +0 robe (melded)
Jewellery
 e - an amulet of regeneration (around neck)
Scrolls
 f - 2 scrolls of remove curse
 h - a scroll of blinking {unknown}
Potions
 d - a potion of haste {unknown}
 g - a potion of brilliance {unknown}


   Skills:
 * Level 2.1 Short Blades
 + Level 2.6 Dodging
 + Level 4.9 Stealth
 - Level 2.0 Spellcasting
 * Level 5.1 Hexes


You had 3 spell levels left.
You knew the following spells:

 Your Spells              Type           Power        Failure   Level
a - Corona                Hex            ###....      2%          1
b - Ensorcelled Hibernat  Hex/Ice        ##....       10%         2

Your spell library contained the following spells:

 Spells                   Type           Power        Failure   Level
 Confusing Touch          Hex            ###.....     7%          3
 Tukima's Dance           Hex            ###.....     7%          3
 Dazzling Flash           Conj/Hex       ##....       21%         3


Dungeon Overview and Level Annotations

Branches:
Dungeon (3/15)

Altars:

Portals:
Sewer: D:3

Annotations:
D:2 Sigmund


Innate Abilities, Weirdness & Mutations

You do not eat.
Your natural rate of healing is unusually fast.
((You have razor-sharp teeth.))
You have supernaturally acute eyesight. (SInv)
((You can survive without breathing.))


Message History

Press: ? - help, Shift-Dir - straight line, f - adder
Aim: an adder (chance to defeat MR: 50%)
The adder looks drowsy...
You feel sick.
The hobgoblin enters a dispersal trap!
The worm blinks!
The adder blinks!
The hobgoblin blinks!
You feel sick.
You feel sick.
The hobgoblin throws a poisoned dart.
The poisoned dart hits you!
You feel sick.
The hobgoblin throws a poisoned dart.
The poisoned dart hits you!
You feel sick.
You feel sick.
You feel sick.
The hobgoblin throws a poisoned dart.
The poisoned dart hits you!
Casting: Ensorcelled Hibernation (safe; 10% risk of failure)
Confirm with . or Enter, or press ? or * to list all spells.
Aiming: Ensorcelled Hibernation (safe; 10% risk of failure)
Press: ? - help, Shift-Dir - straight line, f - worm, p - adder
Aim: a worm (chance to defeat MR: 50%)
The worm resists with some effort.
You feel sick. The worm bites you.
You die...

**,**,**≈≈≈≈≈*#.#.##.###.#**#....
**,**,**≈≈≈≈≈##..........####....
**,**,≈≈...≈.≈≈..................
**,**,≈≈.....≈≈.......##.####....
**,*,,≈≈..\..≈≈....(..##.# #..).
*,,,,,≈≈.≈...≈w..>(...##.# #####
*,,,,,≈≈.....≈≈.(....S##.#
*,,,,,**≈≈w≈≈##.^.....##.#
**+**,**≈≈.≈≈*#w7.....##.#
,,,,*,,,,...........(.##.#
,,,,*****#.###..g.....#*,* ,,,,*
*,,..........#*,* ****** ,,,,*
**###........#*,* *,,,,* ,,,,*
#........#*+***,,,,* ,,,,*
#####......,,,,,,,,* ,<,**
*......,,,,,**** **,*
*,,,,,,,,,,,####


You could see 2 worms, an adder (asleep) and a hobgoblin.

Vanquished Creatures
  An ooze (D:1)
  A dart slug (D:1)
  A giant cockroach (D:1)
  5 goblins (D:1)
  7 hobgoblins
  3 jackals (D:1)
  A ball python (D:1)
  3 bats (D:1)
  3 frilled lizards
  2 kobolds
  4 rats
31 creatures vanquished.

Notes
Turn   | Place    | Note
-------+----------+-------------------------------------------
     0 | D:1      | MrRokkomies the Vampire Enchanter began the quest for the
                  | Orb.
     0 | D:1      | Reached XP level 1. HP: 13/13 MP: 3/3
    94 | D:1      | Reached XP level 2. HP: 11/19 MP: 5/5
   103 | D:1      | Learned a level 2 spell: Ensorcelled Hibernation
   275 | D:1      | Reached skill level 5 in Hexes
   358 | D:1      | Reached XP level 3. HP: 22/24 MP: 6/6
   641 | D:2      | Noticed Sigmund
   705 | D:3      | Found a glowing drain.
   719 | D:3      | Slain by a worm

Illustrated notes

Levels and vault maps discovered:
D:1:      lightli_arrival_quake, layout_rooms, interstate_on_off
D:2:      layout_basic, uniq_sigmund
D:3:      layout_basic, cheibrodos_sewer_entry_sluice

Skill      XL: |  1  2 |
---------------+-------+-----
Hexes          | 5 |  5.1
Short Blades   | 2 |  2.1
Dodging        | |  2.6
Stealth        | |  4.9
Spellcasting   | |  2.0

Action                   || total
-------------------------++-------
Melee: Dagger            ||   111
       Bite              ||    10
 Cast: Corona            ||     2
       Ensorcelled Hiber ||     3
  Use: Scroll            ||     4
       Potion            ||     1
 Stab: Sleeping          ||     6
Armor: Robe              ||    30
       Skin              ||     1
Dodge: Dodged            ||    71

Table legend:
 A = Non-vault XP
 B = Vault XP
 C = Vault XP percentage of total XP
 D = Non-vault monster count
 E = Vault monster count
 F = Vault count percentage of total count
                 A         B        C        D         E       F
            +---------+---------+-------+---------+---------+-------
      Total |      55 |       0 |   0.0 |      31 |       0 |   0.0
            +---------+---------+-------+---------+---------+-------
        D:1 |      48 |       0 |   0.0 |      26 |       0 |   0.0
        D:2 |       2 |       0 |   0.0 |       2 |       0 |   0.0
        D:3 |       5 |       0 |   0.0 |       3 |       0 |   0.0
            +---------+---------+-------+---------+---------+-------
